 Dungeon Crawl Stone Soup version 0.30-a0-760-g5a9884bb7c (webtiles) character file.

Game seed: 4569868502331313629

1864 mistaj the Trooper (level 9, -5/49 HPs)
             Began as a Vine Stalker Fighter on Feb 10, 2023.
             Was a Believer of Makhleb.
             Killed by nerve-wracking pain
             ... invoked by an orc priest
              (10 damage)
             ... on level 6 of the Dungeon.
             The game lasted 00:08:10 (5045 turns).

mistaj the Trooper (Vine Stalker Fighter)           Turns: 5045, Time: 00:08:10

Health: -5/49      AC: 10    Str: 21    XL:     9   Next: 13%
Magic:  0/16       EV:  9    Int: 10    God:    Makhleb [**....]
Gold:   227        SH:  5    Dex: 13    Spells: 16/16 levels left

rFire   + + .      SeeInvis +    l - +0 long sword (vamp)
rCold   . . .      Faith    .    c - +0 buckler
rNeg    . . .      Spirit   +    b - +0 scale mail
rPois   .          Reflect  .    (no helmet)
rElec   .          Harm     .    z - +0 cloak "Urhuqisk" {rF++ Str-3 Int+2 SInv}
rCorr   .          Rampage  .    q - +1 pair of gloves
Will    +....                    D - +0 pair of boots Stlth
                                 (no amulet)
HPRegen 1.08/turn                (no ring)
MPRegen 0.15/turn                (no ring)

@: no status effects
A: fangs 3, regeneration 1, magic shield, antimagic bite, no potion heal 2
a: Renounce Religion, Minor Destruction


You were on level 6 of the Dungeon.
You worshipped Makhleb.
Makhleb was pleased with you.
You visited 1 branch of the dungeon, and saw 6 of its levels.

You collected 227 gold pieces.

Inventory:

Hand Weapons
 l - a +0 vampiric long sword (weapon)
Missiles
 B - 3 silver javelins (quivered)
 E - a throwing net
Armour
 b - a +0 scale mail (worn)
 c - a +0 buckler (worn)
 q - a +1 pair of gloves (worn)
 z - the +0 cloak "Urhuqisk" (worn) {rF++ Str-3 Int+2 SInv}
   (You found it on level 5 of the Dungeon)

   Str:       It affects your strength (-3).
   Int:       It affects your intelligence (+2).
   rF:        It greatly protects you from fire.
   SInv:      It lets you see invisible.
 D - a +0 pair of boots (worn)
Wands
 s - a wand of flame (24)
 t - a wand of iceblast (11)
 x - a wand of polymorph (5)
Scrolls
 f - 2 scrolls of magic mapping {unknown}
 g - 2 scrolls of brand weapon {unknown}
 i - 2 scrolls of identify {unknown}
 j - a scroll of enchant armour {unknown}
 k - 2 scrolls of teleportation {unknown}
 n - 2 scrolls of blinking {unknown}
 o - a scroll of immolation {unknown}
 p - a scroll of poison {unknown}
 u - a scroll of noise {unknown}
 y - a scroll of torment {unknown}
 A - a scroll of vulnerability {unknown}
Potions
 a - a potion of heal wounds {unknown}
 d - 2 potions of might
 e - a potion of haste {unknown}
 h - 4 potions of mutation {unknown}
 m - a potion of attraction {unknown}
 r - a potion of flight {unknown}
 v - a potion of ambrosia {unknown}
 w - a potion of invisibility {unknown}
 C - 2 potions of curing {unknown}


   Skills:
 + Level 6.3 Fighting
 + Level 5.4 Long Blades
 - Level 2.3 Axes
 - Level 2.4 Armour
 + Level 5.9 Shields
 - Level 4.1 Spellcasting


You had 16 spell levels left.
You didn't know any spells.
Your spell library contained the following spells:

 Spells                   Type           Power      Damage    Failure   Level
 Freeze                   Ice            8%         1d3       65%         1
 Magic Dart               Conj           8%         1d3       65%         1
 Summon Small Mammal      Summ           8%         N/A       65%         1
 Searing Ray              Conj           4%         2d4       80%         2
 Call Canine Familiar     Summ           2%         N/A       95%         3
 Frozen Ramparts          Ice            4%         1d1       95%         3
 Gell's Gravitas          Tloc           2%         N/A       95%         3
 Hailstorm                Conj/Ice       2%         3d3       95%         3
 Summon Guardian Golem    Hex/Summ       2%         N/A       95%         3
 Teleport Other           Tloc           2%         N/A       95%         3
 Fulminant Prism          Conj/Hex       1%         3d5       100%        4
 Dispersal                Tloc           1%         N/A       100%        6


Dungeon Overview and Level Annotations

Branches:
Dungeon (6/15)             Temple (0/1) D:5

Altars:
Hepliaklqana
Makhleb
Trog
Uskayaw
Zin


Innate Abilities, Weirdness & Mutations

You have razor-sharp teeth.
Your natural rate of healing is unusually fast.
When hurt, damage is shared between your health and your magic reserves.
Your bite disrupts and absorbs the magic of your enemies.
Potions cannot restore your health.


Message History

The orc priest hits you with a +0 club.
The orc priest mumbles some strange prayers to Beogh against you.
Beogh smites you!
You slash the orc priest!
The orc priest is heavily wounded.
The orc priest hits you but does no damage.
The orc priest calls down the wrath of Beogh upon you.
Beogh smites you!
You hit the orc priest. Your bite misses the orc priest.
The orc priest is heavily wounded.
The orc priest hits you with a +0 club.
The orc priest mumbles some strange prayers to Beogh against you.
Pain shoots through your body!
* * * LOW HITPOINT WARNING * * *
You slash the orc priest!
You feel better.
You kill the orc priest!
Makhleb accepts your kill. The orc priest closely misses you.
A jelly comes into view.
The orc priest attacks as you move away!
The orc priest hits you but does no damage.
You completely miss the orc priest.
The orc priest is severely wounded.
The orc priest hits you with a +0 club.
You hit the orc priest.
The orc priest is severely wounded.
You block the orc priest's attack. The orc priest completely misses you.
You hit the orc priest but do no damage.
You bite the orc priest, but do no damage.
The orc priest is severely wounded.
The orc priest hits you but does no damage.
The orc priest invokes the aid of Beogh against you.
Beogh smites you!
* * * LOW HITPOINT WARNING * * *
The orc priest invokes the aid of Beogh against you.
Beogh smites you!
* * * LOW HITPOINT WARNING * * *
The orc priest mumbles some strange prayers to Beogh against you.
Pain shoots through your body!
You die...

### # ....#########.# #
.............# #
###.##....o..oo # ###
............o.o # #..
#.#...# # #.### #.#...# #
#... #.#...#####
########.###.# #@###J....#
'............# #..o)o....#
########.#...#.######....#
# #.# #........'....# #
#.# .#######....# #.#.# ..
#....# #.#.# .## #....#
#.#.# ..# #....# #.#.# #.#
#....#


You could see 2 orc priests.

Vanquished Creatures
  Sigmund (D:6)
  2 sky beasts (D:6)
  2 black bears (D:6)
  3 ogres
  2 phantoms
  2 scorpions (D:4)
  3 wights (D:6)
  An orc priest (D:6)
  3 iron imps (D:3)
  A gnoll bouda (D:6)
  2 jellies
  A hound (D:5)
  3 iguanas
  An orc wizard (D:6)
  11 gnolls
  12 adders
  A worm (D:2)
  7 dart slugs
  12 orcs
  8 ball pythons
  6 bats
  5 endoplasms
  5 giant cockroaches
  5 goblins
  5 hobgoblins
  4 jackals (D:1)
  A quokka (D:5)
  3 frilled lizards
  10 kobolds
  3 rats
125 creatures vanquished.

Vanquished Creatures (others)
  A kobold (D:3)
1 creature vanquished.

Grand Total: 126 creatures vanquished

Notes
Turn   | Place    | Note
-------+----------+-------------------------------------------
     0 | D:1      | mistaj the Vine Stalker Fighter began the quest for the
                  | Orb.
     0 | D:1      | Reached XP level 1. HP: 11/11 MP: 2/2
   143 | D:1      | Reached XP level 2. HP: 16/16 MP: 3/3
   280 | D:1      | Reached skill level 1 in Spellcasting
   435 | D:1      | Reached skill level 3 in Fighting
   997 | D:2      | Reached XP level 3. HP: 16/20 MP: 1/6
  1301 | D:2      | Reached skill level 1 in Long Blades
  1301 | D:2      | Gained mutation: Your natural rate of healing is unusually
                  | fast. [Vine Stalker growth]
  1301 | D:2      | Reached XP level 4. HP: 19/24 MP: 4/7
  1716 | D:3      | Reached XP level 5. HP: 28/28 MP: 4/9
  1964 | D:3      | Found a burning altar of Makhleb.
  2009 | D:3      | Reached XP level 6. HP: 33/33 MP: 7/11
  2014 | D:3      | Became a worshipper of Makhleb the Destroyer
  2461 | D:4      | Reached skill level 4 in Fighting
  2921 | D:4      | Reached * piety under Makhleb
  2939 | D:4      | Reached XP level 7. HP: 17/37 MP: 8/13
  3188 | D:4      | Found a hazy altar of Hepliaklqana.
  3347 | D:5      | Entered Level 5 of the Dungeon
  3556 | D:5      | Found a staircase to the Ecumenical Temple.
  3671 | D:5      | Identified the +0 cloak "Urhuqisk" {rF++ Str-3 Int+2 SInv}
  3745 | D:5      | Found a bloodstained altar of Trog.
  3816 | D:5      | Gained mutation: You have razor-sharp teeth. [Vine Stalker
                  | growth]
  3816 | D:5      | Reached XP level 8. HP: 38/42 MP: 7/15
  3935 | D:5      | Reached skill level 5 in Fighting
  4286 | D:5      | Found a glowing silver altar of Zin.
  4286 | D:5      | Found a hide-covered altar of Uskayaw.
  4552 | D:6      | Noticed Sigmund
  4579 | D:6      | Killed Sigmund
  4588 | D:6      | Reached skill level 5 in Shields
  4786 | D:6      | Reached skill level 5 in Long Blades
  4801 | D:6      | Reached skill level 6 in Fighting
  4816 | D:6      | Reached XP level 9. HP: 26/48 MP: 12/16
  5007 | D:6      | Reached ** piety under Makhleb
  5045 | D:6      | Killed from afar by an orc priest

Illustrated notes

Levels and vault maps discovered:
D:1:      dreamdust_arrival_sigmund_warning, layout_basic
D:2:      layout_basic
D:3:      kennysheep_slugbush, layout_basic, demons_altar
D:4:      layout_gridville, nicolae_hepliaklqana_hippocampus
D:5:      layout_basic, lemuel_coloured_pillars_altar,
          mainiacjoe_overflow_divided_tiny, minmay_temple_entry_offerings
D:6:      layout_basic, jmf_multi_god_temple, uniq_sigmund, uniq_duvessa

Skill      XL: |  1  2  3  4  5  6  7  8 |
---------------+-------------------------+-----
Axes           | 2 |  2.3
Spellcasting   | 1 2 3 4 |  4.1
Fighting       | 3 4 6 |  6.3
Long Blades    | 1 2 3 5 |  5.4
Shields        | 3 4 5 |  5.9
Armour         | |  2.4

Action                     |  1- 3 |  4- 6 |  7- 9 || total
---------------------------+-------+-------+-------++-------
  Melee: War axe           |    39 |       |       ||    39
         Bite              |    16 |    58 |    69 ||   143
         Long sword        |    29 |   199 |   242 ||   470
 Armour: Scale mail        |    31 |    89 |   123 ||   243
  Dodge: Dodged            |    28 |    98 |   123 ||   249
  Block: Buckler           |    21 |    40 |    56 ||   117

Table legend: (Time is in decaauts)
 A = Elapsed time spent in this place.
 B = Non-inter-level travel time spent in this place.
 C = Inter-level travel time spent in this place.
 D = Time resting spent in this place.
 E = Time spent auto-exploring this place.
 F = Levels seen in this place.
 G = Mean time per level.
                   A        B        C        D        E       F      G
               +--------+--------+--------+--------+--------+-----+--------+
         Total |   5201 |   5076 |    125 |    451 |   3231 |   6 |  866.8 |
       Dungeon |   5201 |   5076 |    125 |    451 |   3231 |   6 |  866.8 |
               +--------+--------+--------+--------+--------+-----+--------+

Top non-repeatable levels by time:
     D:4: 1086 daAuts
     D:5: 1074 daAuts
     D:1: 896 daAuts
     D:2: 894 daAuts
     D:3: 693 daAuts
     D:6: 557 daAuts
